cohdb
Replays
Latest Replays
All Replays
Popular Replays
Top Player Replays
Match Explorer
How It Works
Community
CoH3 Stats
Reddit
Sign in to upload your games and track your stats! →
Sign in with Steam
Match 43667427
Unlisted
Match 43667427
Overview
Messages
Build Orders
End
Kradschützen Motorcycle Team
Kradschützen Motorcycle Team
Selects Armored Support Battlegroup
Selects Armored Support Battlegroup
250 Light Carrier
Construct Light Support Kompanie
Assault Grenadier Squad
Selects Superior Fire Drills
Panzerjäger Squad
Fire Support Elements
MG34 Team
Flakvierling Half-track
Selects Salvage Kits
Vehicle Survival Package
2.5-tonne Medical Truck
Flakvierling Half-track
Assault Mechanized Group
Construct Mechanized Kompanie
Selects Flammpanzer III Medium Tank
Flammpanzer III Medium Tank
254 Reconnaissance Tractor
Marder III Tank Destroyer
StuG III D Assault Gun
Selects Command Panzer IV F Medium Tank
Selects Panzer Storm
StuG III D Assault Gun
Emergency Repair Kits
Marder III Tank Destroyer
Willaguy
GL1TCH
0
0
Comments
sign in to comment!
No comments posted yet!